 Dungeon Crawl Stone Soup version 0.29.1-2-gbd0b4ee654 (webtiles) character file.

Game seed: 9101533874230676005

43747 qeuew the Thaumaturge (level 13, -9/111 HPs)
             Began as a Purple Draconian Conjurer on Nov 6, 2022.
             Was a High Priest of Vehumet.
             Killed from afar by a fire giant (40 damage)
             ... with a bolt of fire
             ... on level 10 of the Dungeon.
             The game lasted 01:05:54 (18304 turns).

qeuew the Thaumaturge (Purple Draconian Conjurer)  Turns: 18304, Time: 01:05:55

Health: -9/111     AC: 18    Str: 14    XL:     13   Next: 92%
Magic:  28/30      EV: 16    Int: 19    God:    Vehumet [*****.]
Gold:   793        SH:  0    Dex: 16    Spells: 14/38 levels left

rFire   . . .      SeeInvis .   u - +7 war axe of Innocence {freeze, rN+ Will+ Dex+3}
rCold   . . .      Faith    .   (no shield)
rNeg    + . .      Spirit   .   (body armour unavailable)
rPois   .          Reflect  .   d - +2 hat
rElec   .          Harm     .   j - +0 cloak
rCorr   .          Rampage  .   g - +1 pair of gloves {Dex+3}
Will    ++...                   t - +0 pair of boots
Stlth   ++........              n - amulet of regeneration
HPRegen 1.08/turn               e - +4 ring of slaying
MPRegen 0.22/turn               s - +4 ring of protection

@: about to teleport
A: breathe power, AC +8, unfitting armour, cold-blooded
a: Breathe Dispelling Energy, Renounce Religion


You were on level 10 of the Dungeon.
You worshipped Vehumet.
Vehumet was extremely pleased with you.
You visited 2 branches of the dungeon, and saw 15 of its levels.
You also visited: Ice Cave.

You collected 793 gold pieces.

Inventory:

Hand Weapons
 u - the +7 war axe of Innocence (weapon) {freeze, rN+ Will+ Dex+3}
   (You found it on level 3 of the Lair of Beasts)

   It freezes those it strikes, dealing additional cold damage.
   It can also slow down cold-blooded creatures.
   Dex:       It affects your dexterity (+3).
   rN:        It protects you from negative energy.
   Will:      It increases your willpower.
Armour
 d - a +2 hat (worn)
 g - a +1 pair of gloves of dexterity (worn)
 j - a +0 cloak (worn)
 t - a +0 pair of boots (worn)
Jewellery
 e - a +4 ring of slaying (left hand)
 n - an amulet of regeneration (around neck)
 o - a ring of positive energy
 s - a +4 ring of protection (right hand)
Wands
 h - a wand of digging (4)
 A - a wand of polymorph (4)
 B - a wand of roots (4)
Scrolls
 b - 4 scrolls of teleportation
 f - a scroll of identify
 k - a scroll of brand weapon
 x - a scroll of amnesia
 y - a scroll of enchant weapon
Potions
 a - 2 potions of magic
 c - a potion of invisibility
 i - 2 potions of resistance
 l - 3 potions of haste
 m - a potion of brilliance
 p - 2 potions of ambrosia
 q - 2 potions of berserk rage
 r - a potion of mutation
 v - 2 potions of curing
 w - a potion of heal wounds
 z - 2 potions of flight


   Skills:
 + Level 9.0 Fighting
 * Level 12.2 Axes
 + Level 8.0 Dodging
 - Level 1.7 Stealth
 * Level 13.0 Spellcasting
 + Level 9.4 Conjurations
 + Level 8.6 Hexes
 - Level 2.2 Fire Magic
 + Level 6.7 Air Magic


You had 14 spell levels left.
You knew the following spells:

 Your Spells              Type           Power      Damage    Failure   Level
a - Magic Dart            Conj           100%       1d8       1%          1
b - Searing Ray           Conj           96%        2d7       1%          2
c - Dazzling Flash        Conj/Hex       92%        N/A       1%          3
d - Lightning Bolt        Conj/Air       21%        1d36      1%          5
e - Conjure Ball Lightni  Conj/Air       21%        3x3d6     9%          6
f - Orb of Destruction    Conj           24%        9d9       24%         7

Your spell library contained the following spells:

 Spells                   Type           Power      Damage    Failure   Level
 Freeze                   Ice            48%        1d7       1%          1
 Sandblast                Erth           24%        2d8       1%          1
 Slow                     Hex            100%       N/A       1%          1
 Ensorcelled Hibernation  Hex/Ice        56%        N/A       1%          2
 Confusing Touch          Hex            45%        N/A       1%          3
 Conjure Flame            Conj/Fire      34%        6-21      1%          3
 Mephitic Cloud           Conj/Pois/Air  32%        N/A       1%          3
 Stone Arrow              Conj/Erth      60%        3d10      1%          3
 Tukima's Dance           Hex            45%        N/A       1%          3
 Fulminant Prism          Conj/Hex       23%        3d13      1%          4
 Portal Projectile        Hex/Tloc       56%        N/A       2%          3
 Summon Guardian Golem    Hex/Summ       28%        N/A       2%          3
 Hailstorm                Conj/Ice       30%        3d8       2%          4
 Iskenderun's Mystic Bla  Conj/Tloc      30%        2d8       2%          4
 Ignite Poison            Fire/Tmut/Pois 15%        N/A       3%          3
 Frozen Ramparts          Ice            24%        1d4       4%          3
 Freezing Cloud           Conj/Ice/Air   16%        6-21      4%          5
 Apportation              Tloc           24%        N/A       5%          1
 Summon Small Mammal      Summ           48%        N/A       5%          1
 Yara's Violent Unravell  Hex/Tmut       14%        3d7       7%          5
 Passwall                 Tmut/Erth      10%        N/A       9%          2
 Anguish                  Hex/Necr       14%        N/A       10%         4
 Call Canine Familiar     Summ           12%        N/A       16%         3
 Spider Form              Tmut/Pois      12%        N/A       16%         3
 Vampiric Draining        Necr           12%        2d6       16%         3
 Enfeeble                 Hex            22%        N/A       80%         7
 Alistair's Intoxication  Tmut/Pois      8%         N/A       83%         5
 Blade Hands              Tmut           6%         N/A       83%         5
 Discord                  Hex            22%        N/A       100%        8
 Disjunction              Tloc           6%         N/A       100%        8


Dungeon Overview and Level Annotations

Branches:
Dungeon (10/15)            Temple (0/1) D:4            Lair (5/5) D:10
  Swamp (0/4) Lair:2        Snake (0/4) Lair:2        Slime (0/5) Lair:4
  IceCv (visited)
    Orc: D:9-12

Altars:
Sif Muna
Vehumet

Shops:
D:6 [

Annotations:
D:8 Erica


Innate Abilities, Weirdness & Mutations

You can breathe bolts of dispelling energy.
Your rich purple scales are hard. (AC +8)
You cannot fit into any form of body armour.
You are cold-blooded and may be slowed by cold attacks.


Message History

The freezing wraith hits you but does no damage. x2
You slash the freezing wraith!
You destroy the freezing wraith!
Vehumet accepts your kill.
No target in view!
There is an open door, spattered with blood here.
There is an open door, spattered with blood here.
Things that are here:
a +4 broad axe; a +0 chain mail
There is an open door here.
There is an open door here.
There is an open door here.
A fire giant comes into view.
It is wielding the +6 bardiche of Accord {vorpal, rC++ rCorr Str+2 SInv} and wearing the amulet "Jaos" {Acrobat rF+ Will+}.
Press: ? - help, v - describe, . - travel A crystal wall.
The fire giant shouts!
Press: ? - help, v - describe, . - travel
Here: a fire giant, wielding the +6 bardiche of Accord {vorpal, rC++ rCorr Str+2 SInv} and wearing the amulet "Jaos" {Acrobat rF+ Will+} The floor.
Casting: Magic Dart (safe; 1% risk of failure)
Confirm with . or Enter, or press ? or * to list all spells.
Casting: Dazzling Flash (safe; 1% risk of failure)
Press: ? - help, Dir - look around, f - activate The fire giant points at you and mumbles some strange words.
The fireball explodes!
The fireball engulfs you!!
Unknown command.
The fire giant gestures at you while chanting.
The fireball explodes!
The fireball engulfs you!!
The fireball engulfs the fire giant.
The fire giant completely resists.
Unknown command.
As you read the scroll of teleportation, it crumbles to dust.
You feel strangely unstable. The fire giant completely misses you.
You slash the fire giant!
The fire giant is lightly wounded.
The fire giant hits you with the +6 bardiche of Accord {vorpal, rC++ rCorr Str+2 SInv}!!
* * * LOW HITPOINT WARNING * * *
Unknown command.
The fire giant points at you and mumbles some strange words.
The bolt of fire hits you!!!
You die...

#...........##÷...##########.~≈≈
#........(...'.......### #[≈≈≈
#...........##.........# #.#≈≈
#...........#########)#### #.##≈
#...........##...###...#.# #.###
#...........##.....##..'.###.# #
#...........##......##.#..##.#
##...##########'####.###..##.###
#...# #@# #..##..##.... ###...#
#.# #..##...#.... ......# #C#
#...#...#..#. ......# #.:
#...'...##.#. ....### ####
#...#...#.... ....#
##############. ....# #...#
#....#. ....# #.#.# ####.#.
)...# #.#.########.#.


You could see a fire giant.

Vanquished Creatures
  A stone giant (D:10)
  6 hydras
  An ogre mage (D:10)
  A death knight (D:10)
  A centaur warrior (D:10)
  A two-headed ogre (D:10)
  12 death yaks
  A skeletal warrior (D:9)
  An ugly thing (D:10)
  10 elephants (Lair:5)
  A cyclops (D:10)
  A black mamba (Lair:4)
  Maggie (Lair:2)
  Psyche (D:8)
  16 cane toads
  5 ice devils (IceCv)
  8 komodo dragons
  A freezing wraith (D:10)
  An anaconda simulacrum (IceCv)
  2 rime drakes
  2 hornets
  14 blink frogs
  A wraith (D:10)
  2 basilisks
  3 wyverns
  29 yaks
  A steam dragon (D:6)
  Menkaure (D:7)
  2 harpy simulacra (IceCv)
  An acid dragon (D:8)
  3 nagas (Lair:2)
  A hydra simulacrum (IceCv)
  10 water moccasins
  2 orc warriors
  2 sky beasts
  2 ogres
  16 wolves
  4 centaurs
  2 phantoms
  8 bullfrogs
  8 kobold brigands
  3 necrophages
  2 two-headed ogre simulacra (IceCv)
  A cane toad simulacrum (IceCv)
  A gnoll sergeant (D:8)
  2 scorpions (D:6)
  An elephant simulacrum (IceCv)
  5 killer bees (D:9)
  2 electric eels
  3 howler monkeys
  A bullfrog zombie (D:4)
  3 hounds
  4 jellies
  A gnoll bouda (D:6)
  3 orc priests
  Ijyb (D:3)
  7 scorpion zombies (D:4)
  An iguana (D:5)
  2 orc wizards
  4 hell rats (Lair:5)
  A spriggan simulacrum (IceCv)
  A troll simulacrum (IceCv)
  3 wolf simulacra (IceCv)
  2 hound zombies (D:4)
  2 hound skeletons (D:4)
  14 gnolls
  9 adders
  A howler monkey skeleton (D:4)
  2 naga simulacra (IceCv)
  2 shadow imps (D:5)
  2 white imps (IceCv)
  2 ufetubi (IceCv)
  4 adder skeletons (D:4)
  2 adder zombies (D:4)
  A worm (D:3)
  5 dart slugs
  27 orcs
  8 ball pythons
  5 endoplasms
  A giant cockroach (D:2)
  8 goblins
  7 hobgoblins
  4 jackals (D:1)
  3 quokkas
  5 bats
  5 frilled lizards
  36 kobolds
  2 rats
  A bush (Lair:5)
398 creatures vanquished.

Vanquished Creatures (collateral kills)
  2 ball lightnings (IceCv)
2 creatures vanquished.

Vanquished Creatures (others)
  A water moccasin (Lair:2)
  An adder (D:6)
  80 ball lightnings
  30 fungi
  97 plants
  6 withered plants (D:4)
215 creatures vanquished.

Grand Total: 615 creatures vanquished

Notes
Turn   | Place    | Note
-------+----------+-------------------------------------------
     0 | D:1      | qeuew the Draconian Conjurer began the quest for the Orb.
     0 | D:1      | Reached XP level 1. HP: 14/14 MP: 3/3
   194 | D:1      | Reached XP level 2. HP: 20/20 MP: 0/5
   197 | D:1      | Learned a level 2 spell: Searing Ray
   956 | D:1      | Found a faded altar of an unknown god.
  1023 | D:1      | Reached XP level 3. HP: 26/26 MP: 0/6
  1893 | D:2      | Found a radiant altar of Vehumet.
  1901 | D:2      | Became a worshipper of Vehumet
  1956 | D:3      | Noticed Ijyb
  1965 | D:3      | Killed Ijyb
  1966 | D:3      | Reached skill level 3 in Spellcasting
  1966 | D:3      | Reached XP level 4. HP: 28/34 MP: 1/8
  1967 | D:3      | Identified a scroll of acquirement
  1967 | D:3      | Acquired a +0 pair of gloves of dexterity
  2453 | D:3      | Reached skill level 1 in Fighting
  2599 | D:3      | Identified the +9 plate armour "Dierrilu" {Harm Int+3}
  3054 | D:4      | Reached skill level 1 in Axes
  3091 | D:4      | Reached XP level 5. HP: 40/40 MP: 4/9
  3191 | D:4      | Reached skill level 5 in Conjurations
  3293 | D:4      | Noticed a phantom
  3299 | D:4      | Killed a phantom
  3299 | D:4      | Reached * piety under Vehumet
  3299 | D:4      | Offered knowledge of Freeze by Vehumet.
  3300 | D:4      | Reached XP level 6. HP: 46/47 MP: 4/11
  3348 | D:4      | Noticed a sky beast
  3360 | D:4      | Killed a sky beast
  3628 | D:4      | Reached skill level 4 in Spellcasting
  3870 | D:4      | Your scales start taking on a rich purple colour.
  3870 | D:4      | Reached XP level 7. HP: 53/55 MP: 10/14
  3874 | D:4      | Learned a level 3 spell: Dazzling Flash
  3906 | D:4      | Reached skill level 5 in Spellcasting
  4344 | D:4      | Found a staircase to the Ecumenical Temple.
  4352 | D:4      | Identified the +3 dagger "Lelues" {vorpal, rN+++ MP+9 Int-3
                  | Dex-5}
  4574 | D:5      | Entered Level 5 of the Dungeon
  4598 | D:5      | Offered knowledge of Scorch by Vehumet.
  4603 | D:5      | Reached ** piety under Vehumet
  4756 | D:5      | Reached skill level 1 in Hexes
  5620 | D:5      | Found a radiant altar of Vehumet.
  5649 | D:5      | Reached XP level 8. HP: 51/62 MP: 12/16
  5907 | D:6      | Identified the +4 robe of Gishrama {rC+ Regen+ Str+2 Int+7}
  5980 | D:6      | Found a shimmering blue altar of Sif Muna.
  6170 | D:6      | Reached skill level 5 in Axes
  6170 | D:6      | Reached skill level 6 in Spellcasting
  6502 | D:6      | Found Ylibbikhol's Antique Armour Shop.
  6513 | D:6      | Offered knowledge of Conjure Flame by Vehumet.
  7381 | D:7      | Reached XP level 9. HP: 69/71 MP: 15/19
  7554 | D:7      | Noticed Menkaure
  7560 | D:7      | Killed Menkaure
  7561 | D:7      | Reached skill level 7 in Spellcasting
  7570 | D:7      | Learned a level 3 spell: Conjure Flame
  7978 | D:7      | Reached *** piety under Vehumet
  8345 | D:8      | Noticed Erica
  8471 | D:8      | Reached skill level 1 in Fire Magic
  8710 | D:8      | Offered knowledge of Airstrike by Vehumet.
  8715 | D:8      | HP: 3/72 [poisoned by a gnoll sergeant]
  8978 | D:8      | Noticed Psyche
  8986 | D:8      | Killed Psyche
  8987 | D:8      | Reached skill level 5 in Fighting
  8987 | D:8      | Reached skill level 8 in Spellcasting
  9050 | D:8      | Reached XP level 10. HP: 38/81 MP: 19/22
  9371 | D:8      | Learned a level 6 spell: Conjure Ball Lightning
  9513 | D:9      | Reached skill level 5 in Dodging
  9532 | D:9      | Reached skill level 1 in Air Magic
  9534 | D:9      | Reached **** piety under Vehumet
 10130 | D:9      | Offered knowledge of Lightning Bolt by Vehumet.
 10137 | D:9      | Learned a level 5 spell: Lightning Bolt
 10373 | D:10     | Entered Level 10 of the Dungeon
 10402 | D:10     | Found a staircase to the Lair.
 10615 | D:10     | Reached skill level 9 in Spellcasting
 10615 | D:10     | Reached skill level 5 in Hexes
 11215 | D:10     | Noticed an ogre mage
 11215 | D:10     | Noticed a two-headed ogre
 11216 | D:10     | Noticed a four-headed hydra
 11219 | D:10     | Noticed a centaur warrior
 11236 | D:10     | Killed an ogre mage
 11238 | D:10     | Killed a centaur warrior
 11239 | D:10     | Reached XP level 11. HP: 63/89 MP: 8/24
 11241 | D:10     | Killed a two-headed ogre
 11244 | D:10     | Killed a five-headed hydra
 11351 | D:10     | Noticed a brown ugly thing
 11352 | D:10     | Noticed a death knight
 11854 | D:10     | Noticed a skeletal warrior
 11889 | D:9      | Killed a skeletal warrior
 11965 | Lair:1   | Entered Level 1 of the Lair of Beasts
 12113 | Lair:1   | Reached skill level 10 in Spellcasting
 12477 | Lair:1   | Reached ***** piety under Vehumet
 12972 | Lair:2   | Found a staircase to the Snake Pit.
 12984 | Lair:2   | Offered knowledge of Eringya's Noxious Bog by Vehumet.
 13016 | Lair:2   | Reached skill level 10 in Axes
 13016 | Lair:2   | Reached XP level 12. HP: 61/100 MP: 9/26
 13154 | Lair:2   | Noticed Maggie
 13163 | Lair:2   | Killed Maggie
 13527 | Lair:2   | Found a staircase to the Swamp.
 13607 | Lair:2   | Noticed a death yak
 13607 | Lair:2   | Noticed a death yak
 13609 | Lair:2   | Noticed a death yak
 13628 | Lair:1   | Killed a death yak
 13629 | Lair:1   | Reached skill level 11 in Spellcasting
 13632 | Lair:1   | Killed a death yak
 13651 | Lair:2   | Killed a death yak
 13915 | Lair:2   | Noticed a six-headed hydra
 13920 | Lair:2   | Killed a six-headed hydra
 14131 | Lair:3   | Noticed a six-headed hydra
 14150 | Lair:2   | Reached skill level 5 in Air Magic
 14159 | Lair:2   | Killed a six-headed hydra
 14467 | Lair:3   | Found a frozen archway.
 14478 | IceCv    | Entered an ice cave
 14944 | IceCv    | Noticed a reaper
 15056 | Lair:3   | Identified the +7 war axe of Innocence {freeze, rN+ Will+
                  | Dex+3}
 15421 | Lair:3   | Noticed a seven-headed hydra
 15431 | Lair:3   | Killed a seven-headed hydra
 15752 | Lair:4   | Noticed a seven-headed hydra
 15778 | Lair:3   | Killed a seven-headed hydra
 15779 | Lair:3   | Reached XP level 13. HP: 37/107 MP: 2/28
 15998 | Lair:4   | Reached skill level 12 in Spellcasting
 16231 | Lair:4   | Identified the +3 rapier of Virtue {venom, Fragile Str+2
                  | Int+2}
 16518 | Lair:4   | Found a staircase to the Slime Pits.
 16708 | Lair:5   | Entered Level 5 of the Lair of Beasts
 17323 | Lair:5   | Offered knowledge of Orb of Destruction by Vehumet.
 17332 | Lair:5   | Learned a level 7 spell: Orb of Destruction
 17441 | Lair:5   | Noticed a dire elephant
 17441 | Lair:5   | Noticed a dire elephant
 17945 | D:10     | Reached skill level 13 in Spellcasting
 18066 | D:10     | Noticed a stone giant
 18115 | D:10     | Killed a stone giant
 18298 | D:10     | Identified the +6 bardiche of Accord {vorpal, rC++ rCorr
                  | Str+2 SInv}
 18298 | D:10     | Identified the amulet "Jaos" {Acrobat rF+ Will+}
 18298 | D:10     | Noticed a fire giant
 18304 | D:10     | Killed from afar by a fire giant

Illustrated notes

Levels and vault maps discovered:
D:1:      psy_arrival_dodecagon, layout_loops_ring,
          shapermc_ecumenical_altar_mp_vishouse, chequers_serial_rivers_marsh,
          lexackson_kobold_supper
D:2:      layout_rooms, basic_altar
D:3:      layout_loops_cross, uniq_ijyb
D:4:      nicolae_cairo_tiling_large, layout_rooms, temple_hall, serial_undead,
          serial_undead_d, serial_undead_f, serial_undead_f, serial_undead_a,
          serial_undead_a, serial_undead_e, serial_undead_e, serial_undead_a,
          serial_bayou_lagoon_a
D:5:      layout_basic, mainiacjoe_overflow_six_doors_small
D:6:      layout_loops_ring, nicolae_sif_muna_little_library, serial_shops,
          nicolae_shop_hallway_stairs
D:7:      layout_loops_ring, reono_crystal_passage, minmay_unpleasant_kobolds,
          uniq_menkaure
D:8:      layout_basic, serial_bayou_crossing, uniq_erica, uniq_psyche
D:9:      layout_roguey, serial_rivers, chequers_serial_rivers_micro_b,
          chequers_serial_rivers_marsh, chequers_serial_rivers_large_a,
          chequers_serial_rivers_micro_b, chequers_serial_rivers_micro_d
D:10:     minmay_sliced_demisemicircle, layout_basic, lair_entry_dummy
Lair:1:   layout_misc_corridors
Lair:2:   layout_roguey, swamp_mist, guppyfry_snake_entry_island, uniq_maggie
Lair:3:   layout_long_grid, portal_ice_cave_entry_pillars_1, minivault_19
Lair:4:   layout_long_grid, dpeg_slime_entry_enclosed, serial_bayou_shore_a
Lair:5:   due_jungle_book, layout_gridlike

Skill      XL: |  1  2  3  4  5  6  7  8  9 10 11 12 13 |
---------------+----------------------------------------+-----
Dodging        | 2 3 4 5 6 7 8 |  8.0
Spellcasting   | 3 4 5 6 8 9 10 11 13 | 13.0
Fighting       | 1 2 4 5 6 7 8 9 |  9.0
Axes           | 1 2 3 4 6 7 8 10 11 12 | 12.2
Conjurations   | 5 6 7 8 9 |  9.4
Hexes          | 1 3 4 5 6 7 8 |  8.6
Fire Magic     | 2 |  2.2
Air Magic      | 2 4 5 6 |  6.7
Stealth        | |  1.7

Action                   |  1- 3 |  4- 6 |  7- 9 | 10-12 | 13-15 || total
-------------------------+-------+-------+-------+-------+-------++-------
Melee: Unarmed           |    22 |       |       |       |       ||    22
       Tailslap          |     4 |     4 |    22 |    55 |    38 ||   123
       Broad axe         |    10 |    58 |   164 |   294 |       ||   526
       Punch             |       |     1 |     2 |     3 |     4 ||    10
       War axe           |       |       |       |    14 |   190 ||   204
 Cast: Magic Dart        |    80 |    83 |   209 |   132 |    57 ||   561
       Searing Ray       |     1 |     2 |     4 |    23 |     2 ||    32
       Conjure Flame     |       |       |     5 |     1 |       ||     6
       Dazzling Flash    |       |       |     1 |     4 |     1 ||     6
       Lightning Bolt    |       |       |       |    32 |    13 ||    45
       Conjure Ball Ligh |       |       |       |    23 |     7 ||    30
 Abil: Breathe Dispellin |       |       |     2 |       |     1 ||     3
Evoke: Wand              |       |       |       |    10 |       ||    10
  Use: Scroll            |     5 |     5 |     6 |    12 |     4 ||    32
       Potion            |     3 |       |     5 |     8 |     2 ||    18
 Stab: Distracted        |       |       |     1 |       |       ||     1
       Sleeping          |       |       |       |     1 |       ||     1
Armor: Skin              |    13 |    36 |    53 |   233 |   107 ||   442
Dodge: Dodged            |    26 |    64 |   140 |   434 |   135 ||   799
